 Dungeon Sprint DCSS version 0.23.2-1-ga50397a6bc (webtiles) character file.

Game seed: 10941639712797843673

15840 Kobolds4U the Imperceptible (level 12, -18/63 HPs)
             Began as a Spriggan Assassin on May 28, 2019.
             Was a High Priest of Okawaru.
             Killed from afar by a fire giant (34 damage)
             ... with a bolt of fire
             ... in the Dungeon (Sprint I: "Red Sonja").
             The game lasted 00:24:16 (2946 turns).

Kobolds4U the Imperceptible (Spriggan Assassin)     Turns: 2946, Time: 00:24:17

Health: -18/63     AC:  4    Str:  7    XL:     12   Next: 4%
Magic:  22/22      EV: 32    Int: 19    God:    Okawaru [*****.]
Gold:   357        SH:  0    Dex: 21    Spells: 15/23 levels left

rFire    . . .     SeeInvis +   A - +1 rapier of Fate {pierce, rN+}
rCold    x . .     Gourm    .   (shield restricted)
rNeg     + + .     Faith    .   i - +1 robe of Rationality {+Fly rElec rC- Int+5}
rPois    .         Spirit   .   v - +0 hat of Resilience {rElec Regen+}
rElec    +         Reflect  .   d - +0 cloak
rCorr    .         Harm     .   (gloves unavailable)
MR       ++...     NoTele   +   (boots unavailable)
Stlth    +++++++++.             (no amulet)
HPRegen  0.60/turn              w - ring of the Bull {rN+ Stlth+}
MPRegen  0.18/turn              (no ring)

@: very quick
A: very small, unfitting armour, see invisible, herbivore, speed 3, slow
metabolism 2
a: Heroism, Finesse, Renounce Religion, Evoke Flight


You were in the Dungeon.
You worshipped Okawaru.
Okawaru was extremely pleased with you.
You were hungry.

You visited 1 branch You collected 1841 gold pieces.
You spent 1484 gold pieces at shops.

Inventory:

Hand Weapons
 a - a +2 dagger of venom
 b - a +0 blowgun
 c - a +6 shortbow of velocity
 o - a +2 dagger of speed
 u - a +5 shortbow of flaming
 y - a +0 short sword of electrocution
 A - the +1 rapier of Fate (weapon) {pierce, rN+}
   (You bought it in a shop in the Dungeon)

   It inflicts extra damage upon your enemies.
   It protects you from negative energy.
Missiles
 e - 8 poisoned needles
 f - 11 curare-tipped needles
 m - 69 arrows
 q - 7 tomahawks (quivered)
 s - 7 tomahawks of dispersal
Armour
 d - a +0 cloak (worn)
 i - the +1 robe of Rationality (worn) {+Fly rElec rC- Int+5}
   (Okawaru gifted it to you in the Dungeon)

   It affects your intelligence (+5).
   It makes you vulnerable to cold.
   It insulates you from electricity.
   It lets you fly.
 t - a +0 robe
 v - the +0 hat of Resilience (worn) {rElec Regen+}
   (Okawaru gifted it to you in the Dungeon)

   It insulates you from electricity.
   It increases your rate of regeneration.
 x - a +1 troll leather armour
 B - a +0 buckler of positive energy
Jewellery
 w - the ring of the Bull (left hand) {rN+ Stlth+}
   (You found it in the Dungeon)

   [ring of positive energy]

   It protects you from negative energy.
   It makes you more stealthy.
Wands
 p - a wand of digging (6)
 z - a wand of paralysis (6)
Scrolls
 n - a scroll of blinking
Potions
 h - 3 potions of curing
 j - a potion of haste
 k - 2 potions of magic
 r - a potion of brilliance {unknown}
Comestibles
 g - 4 rations


   Skills:
 - Level 7.0 Fighting
 - Level 6.4 Short Blades
 - Level 14.0 Bows
 - Level 10.0 Throwing
 - Level 14.5 Dodging
 - Level 24.0 Stealth
 + Level 5.4 Shields
 - Level 6.4 Spellcasting
 + Level 5.5 Hexes
 - Level 8.5 Invocations
 - Level 10.0 Evocations


You had 15 spell levels left.
You knew the following spells:

 Your Spells              Type           Power        Failure   Level  Hunger
a - Ensorcelled Hibernat  Hex/Ice        ###...       5%          2    None
b - Tukima's Dance        Hex            ####....     3%          3    ##.....
c - Dazzling Spray        Conj/Hex       ###...       11%         3    ##.....

Your spell library contained the following spells:

 Spells                   Type           Power        Failure   Level  Hunger
 Corona                   Hex            ####...      1%          1    None
 Confuse                  Hex            ####....     3%          3    ##.....


Dungeon Overview and Level Annotations

Branches:
Dungeon (1/1)

Altars:
Cheibriados
Dithmenos
Elyvilon
Fedhas
Gozag
Hepliaklqana
Kikubaaqudgha
Makhleb
Nemelex Xobeh
Okawaru
Qazlal
Ru
Sif Muna
Trog
Uskayaw
Vehumet
Wu Jian
Xom
Yredelemnul
Zin
The Shining One
Jiyva
Lugonu

Shops:
D ((:}[([::[!?%?[[*

Annotations:
D exclusion: oklob plant, Lernaean hydra


Innate Abilities, Weirdness & Mutations

You are very small and have problems with some larger weapons.
You are too small for most types of armour.
You have supernaturally acute eyesight. (SInv)
You are a herbivore.
You cover ground extremely quickly.
You need to consume almost no food.


Message History

A fire giant comes into view.
It is wielding a +1 great sword of flaming.
The fire giant shouts!
A fire giant comes into view.
It is wielding a +2 great sword of flaming.
A fire giant comes into view.
It is wielding a +2 great sword of flaming.
The fire giant shouts!
You hear a shout!
A fire giant comes into view.
It is wielding a +2 great sword of flaming.
The fire giant shouts!
You hit the fire giant but do no damage.
The fire giant points at you and mumbles some strange words.
The fireball explodes!
The fireball engulfs the fire giant!
The fire giant resists.
The fireball engulfs you!!
Ouch! That really hurt!
The fire giant hits you with a +1 great sword of flaming!
* * * LOW HITPOINT WARNING * * *
The fire giant burns you.
* * * LOW HITPOINT WARNING * * *
The fire giant gestures at you while chanting.
The bolt of fire hits you!!
Ouch! That really hurt!
You die...

##'###^.°#^..
#..###$#.D≈.##
##.'.#°^°# #+
#.##..$#((≈##
.###.#.^##
#..#+###(D≈#
.∩##.#..#
##...#P≈..##
####.##+#
###.#(≈..#
..##.#
#.###..#
.†§'.# #.#
+..# ####.#
####'# ##'#
..÷#§#
###@...# ≈≈
..#§§#
#...#### ≈≈
.≈####
...CC.C.###
≈≈# .C..#####
≈## .. ## ###
∩∩# ∩##


You could see 2 fire giants.

Vanquished Creatures
  A deep elf annihilator (D)
  A mummy priest (D)
  A hydra (D)
  2 centaur warriors (D)
  Sonja (D)
  A deep troll (D)
  7 unseen horrors (D)
  A lindwurm (D)
  An oklob plant (D)
  2 merfolk sirens (D)
  A gargoyle (D)
  2 kobold demonologists (D)
  A hellwing (D)
  4 demonic crawlers (D)
  A slime creature (D)
  3 hornets (D)
  A yak (D)
  Sigmund (D)
  2 redbacks (D)
  13 hogs (D)
  3 floating eyes (D)
  An ogre (D)
  7 necrophages (D)
  8 jellies (D)
  Ijyb (D)
  2 ballistomycetes (D)
69 creatures vanquished.

Vanquished Creatures (others)
  A gargoyle (D)
  A hornet (D)
  2 ballistomycete spores (D)
4 creatures vanquished.

Grand Total: 73 creatures vanquished

Notes
Turn   | Place    | Note
-------+----------+-------------------------------------------
     0 | D        | Kobolds4U the Spriggan Assassin began the quest for the
                  | Orb.
     0 | D        | Reached XP level 1. HP: 10/10 MP: 2/2
     1 | D        | Noticed Ijyb
     4 | D        | Killed Ijyb
     4 | D        | Reached skill level 10 in Stealth
     4 | D        | Reached XP level 2. HP: 14/14 MP: 3/3
     7 | D        | Noticed an ogre
    10 | D        | Killed an ogre
    10 | D        | Reached skill level 14 in Stealth
    10 | D        | Reached XP level 3. HP: 18/18 MP: 4/4
    10 | D        | Reached XP level 4. HP: 22/22 MP: 5/5
    19 | D        | Noticed Sigmund
    22 | D        | Killed Sigmund
    22 | D        | Reached skill level 18 in Stealth
    22 | D        | Reached XP level 5. HP: 25/25 MP: 6/6
    35 | D        | Found a burning altar of Makhleb.
    35 | D        | Found a viscous altar of Jiyva.
    35 | D        | Found a shimmering altar of Xom.
    35 | D        | Found a corrupted altar of Lugonu.
    35 | D        | Noticed a slime creature
    38 | D        | Killed a slime creature
    38 | D        | Reached skill level 20 in Stealth
    38 | D        | Reached XP level 6. HP: 30/30 MP: 7/7
    40 | D        | Found an ornate altar of the Wu Jian Council.
    40 | D        | Found a deep blue altar of Sif Muna.
    42 | D        | Found a radiant altar of Vehumet.
    76 | D        | Found Gingepsun's Weapon Emporium.
    76 | D        | Found an ancient bone altar of Kikubaaqudgha.
    76 | D        | Found a hazy altar of Hepliaklqana.
    76 | D        | Found a stormy altar of Qazlal.
    76 | D        | Found a hide-covered altar of Uskayaw.
    76 | D        | Found a blossoming altar of Fedhas.
    76 | D        | Found a bloodstained altar of Trog.
    76 | D        | Found an iron altar of Okawaru.
    76 | D        | Found a basalt altar of Yredelemnul.
    76 | D        | Found a glowing golden altar of the Shining One.
    76 | D        | Found a snail-covered altar of Cheibriados.
    76 | D        | Found a sacrificial altar of Ru.
    76 | D        | Found a glowing silver altar of Zin.
    76 | D        | Found a shadowy altar of Dithmenos.
    76 | D        | Found a white marble altar of Elyvilon.
    76 | D        | Noticed a yak
    77 | D        | Found an opulent altar of Gozag.
    78 | D        | Killed a yak
    78 | D        | Reached skill level 21 in Stealth
    78 | D        | Reached XP level 7. HP: 33/33 MP: 8/8
    79 | D        | Found a sparkling altar of Nemelex Xobeh.
    83 | D        | Bought 8 curare-tipped needles for 67 gold pieces
    83 | D        | Bought a +2 shortbow of velocity for 231 gold pieces
    84 | D        | Became a worshipper of Warmaster Okawaru
    97 | D        | Noticed a centaur warrior
    99 | D        | Noticed a centaur warrior
   100 | D        | Killed a centaur warrior
   100 | D        | Reached * piety under Okawaru
   100 | D        | Reached XP level 8. HP: 37/37 MP: 9/9
   101 | D        | Killed a centaur warrior
   101 | D        | Reached ** piety under Okawaru
   101 | D        | Reached skill level 10 in Bows
   101 | D        | Reached skill level 22 in Stealth
   114 | D        | Noticed a hornet
   117 | D        | Killed a hornet
   117 | D        | Reached XP level 9. HP: 41/41 MP: 10/10
   128 | D        | Noticed an oklob plant
   130 | D        | Killed an oklob plant
   130 | D        | Reached *** piety under Okawaru
   148 | D        | Reached skill level 23 in Stealth
   152 | D        | Received a gift from Okawaru
   177 | D        | Noticed an unseen horror
   177 | D        | Noticed an unseen horror
   182 | D        | Killed an unseen horror
   182 | D        | Reached **** piety under Okawaru
   184 | D        | Killed an unseen horror
   184 | D        | Received a gift from Okawaru
   212 | D        | Noticed a deep troll
   214 | D        | Killed a deep troll
   214 | D        | Reached XP level 10. HP: 46/46 MP: 11/11
   225 | D        | Found Tenyc's Armour Emporium.
   248 | D        | Noticed Sonja
   251 | D        | Killed Sonja
   251 | D        | Reached ***** piety under Okawaru
   251 | D        | Received a gift from Okawaru
   251 | D        | Received a gift from Okawaru
   251 | D        | Reached skill level 5 in Throwing
   251 | D        | Reached skill level 24 in Stealth
   272 | D        | Found Utohairrai's Weapon Boutique.
   280 | D        | Bought a +6 shortbow of velocity for 401 gold pieces
   321 | D        | Reached skill level 1 in Invocations
   333 | D        | Reached skill level 5 in Fighting
   352 | D        | Noticed a gargoyle
   374 | D        | Killed a gargoyle
   374 | D        | Received a gift from Okawaru
   477 | D        | Noticed a lindwurm
   480 | D        | Killed a lindwurm
   480 | D        | Reached skill level 5 in Invocations
   513 | D        | Reached XP level 11. HP: 28/56 MP: 16/16
   822 | D        | Reached skill level 10 in Throwing
  1262 | D        | Noticed a 12-headed hydra
  1302 | D        | Killed a 12-headed hydra
  1845 | D        | Received a gift from Okawaru
  1846 | D        | Got a faintly glowing hat {god gift}
  1864 | D        | Identified the +0 hat of Resilience {rElec Regen+} (Okawaru
                  | gifted it to you in the Dungeon)
  2008 | D        | Reached skill level 5 in Short Blades
  2057 | D        | Got a scorched amber ring
  2162 | D        | Found Xuucief's Gadget Shoppe.
  2162 | D        | Found Nydepu's Book Shop.
  2162 | D        | Found Zomaid's Antique Armour Boutique.
  2164 | D        | Found Gisim's Antique Weapon Emporium.
  2164 | D        | Found Beusomat's Antique Armour Shop.
  2164 | D        | Found Uvvoawk's Book Shoppe.
  2164 | D        | Found Umevydgha's Book Boutique.
  2164 | D        | Found Tihuveza's Antique Armour Emporium.
  2164 | D        | Found Jarhiub's Distillery.
  2164 | D        | Found Qiddow's Magic Scroll Shoppe.
  2165 | D        | Bought a wand of paralysis (6) for 96 gold pieces
  2167 | D        | Found Qowuotwu's Food Boutique.
  2168 | D        | Found Zaramikkix's Armour Emporium.
  2168 | D        | Found Qifeagg's Magic Scroll Boutique.
  2169 | D        | Found Kuobbuxt's Assorted Antiques.
  2178 | D        | Bought a scroll of blinking for 90 gold pieces
  2190 | D        | Bought a book of Maledictions for 250 gold pieces
  2193 | D        | Learned a level 2 spell: Ensorcelled Hibernation
  2197 | D        | Learned a level 3 spell: Tukima's Dance
  2201 | D        | Learned a level 3 spell: Dazzling Spray
  2247 | D        | Bought the cursed +1 rapier of Fate {pierce, rN+} for 211
                  | gold pieces
  2290 | D        | Bought a scroll of remove curse for 36 gold pieces
  2292 | D        | Bought a +0 buckler of positive energy for 102 gold pieces
  2297 | D        | Identified the ring of the Bull {rN+ Stlth+} (You found it
                  | in the Dungeon)
  2366 | D        | Noticed a deep elf annihilator
  2370 | D        | Noticed a mummy priest
  2371 | D        | Reached skill level 1 in Spellcasting
  2374 | D        | Noticed an oklob plant
  2507 | D        | Reached skill level 1 in Shields
  2519 | D        | Paralysed by a hornet for 3 turns
  2542 | D        | Paralysed by a hornet for 1 turns
  2543 | D        | HP: 1/58 [hornet (11)]
  2647 | D        | Killed a deep elf annihilator
  2690 | D        | Noticed a soul eater
  2812 | D        | Noticed the 27-headed Lernaean hydra
  2819 | D        | Killed a mummy priest
  2819 | D        | Reached skill level 5 in Spellcasting
  2875 | D        | Noticed a daeva
  2878 | D        | Noticed an unseen horror
  2878 | D        | Noticed an unseen horror
  2878 | D        | Noticed an unseen horror
  2879 | D        | Noticed an unseen horror
  2882 | D        | Killed an unseen horror
  2883 | D        | Noticed an unseen horror
  2884 | D        | Killed an unseen horror
  2884 | D        | Reached skill level 10 in Evocations
  2885 | D        | Killed an unseen horror
  2910 | D        | Killed an unseen horror
  2910 | D        | Reached skill level 5 in Shields
  2910 | D        | Reached XP level 12. HP: 56/63 MP: 22/22
  2924 | D        | Received a gift from Okawaru
  2924 | D        | Reached skill level 5 in Hexes
  2925 | D        | Got a dull robe {god gift}
  2936 | D        | Identified the +1 robe of Rationality {+Fly rElec rC-
                  | Int+5} (Okawaru gifted it to you in the Dungeon)
  2939 | D        | Noticed a fire giant
  2941 | D        | Noticed a fire giant
  2942 | D        | Noticed a fire giant
  2943 | D        | Noticed a fire giant
  2946 | D        | Killed from afar by a fire giant

Skill      XL: |  1  2  3  4  5  6  7  8  9 10 11 12 |
---------------+-------------------------------------+-----
Stealth        | 10 14 18 20 21 22 23 24 | 24.0
Dodging        | 7 9 11 14 | 14.5
Bows           | 8 11 14 | 14.0
Throwing       | 4 9 10 | 10.0
Fighting       | 5 7 |  7.0
Invocations    | 6 8 |  8.5
Short Blades   | 6 |  6.4
Spellcasting   | 6 |  6.4
Evocations     | 10 | 10.0
Shields        | 5 |  5.4
Hexes          | 4 5 |  5.5

Action                   |  1- 3 |  4- 6 |  7- 9 | 10-12 || total
-------------------------+-------+-------+-------+-------++-------
Melee: Dagger            |     2 |     4 |    17 |   170 ||   193
       Rapier            |       |       |       |   128 ||   128
 Fire: Blowgun           |       |       |     3 |     6 ||     9
       Shortbow          |       |       |       |   124 ||   124
Invok: Finesse           |       |       |       |     1 ||     1
  Use: Scroll            |       |       |     1 |     2 ||     3
       Potion            |       |       |       |     4 ||     4
 Stab: Sleeping          |     2 |     4 |     7 |    24 ||    37
Armor: Robe              |       |       |     1 |     2 ||     3
       Troll leather arm |       |       |       |    11 ||    11
Dodge: Dodged            |       |       |    12 |   324 ||   336
Block: Buckler           |       |       |       |     1 ||     1
